[Event "GER-chW Blitz 2019"]
[Site "Magdeburg"]
[Date "2019.05.25"]
[Round "17.3"]
[White "Ries, Jutta"]
[Black "Silz, Elisa"]
[Result "1/2-1/2"]
[ECO "A02"]
[WhiteElo "2017"]
[BlackElo "1977"]
[Annotator "NA"]
[PlyCount "131"]
[EventDate "2019.05.25"]
[EventType "tourn"]
[EventCountry "GER"]
[SourceTitle "playchess.com"]
[Source "ChessBase"]
[SourceQuality "1"]
[TimeControl "180+2"]

1. f4 Nf6 2. Nf3 d5 3. b3 g6 4. Bb2 Bg7 5. e3 O-O 6. Be2 c5 7. O-O Nc6 8. Bb5 Bd7 9. Qe2 a6 10. Bxc6 Bxc6 11. d3 b5 12. Nbd2 Qc7 13. Rae1 Rfe8 14. g3 Rad8 15. Be5 Qb7 16. Bc3 b4 17. Bb2 e6 18. Ne5 d4 19. Nxc6 Qxc6 20. Nc4 dxe3 21. Nxe3 h5 22. Qf3 Qc7 23. Be5 Qd7 24. Nc4 h4 25. g4 Nd5 26. Bxg7 Kxg7 27. g5 Ne7 28. Ne5 Qd4+ 29. Qf2 Nf5 30. Nc6 Qxf2+ 31. Kxf2 Rd6 32. Ne5 Nd4 33. Nc4 Rd5 34. Ne3 Rd7 35. Rd1 Red8 36. Rd2 a5 37. Ng2 Nf5 38. Ne3 Rd4 39. Ke2 Nd6 40. Nc4 Nb5 41. Ne5 Nc3+ 42. Ke3 Nd5+ 43. Ke2 Nxf4+ 44. Kd1 Nd5 45. Rxf7+ Kg8 46. Ra7 Nc3+ 47. Ke1 Ne4 48. Re2 Nxg5 49. Nxg6 Nf3+ 50. Kf2 Ng5 51. Re5 Nf7 52. Rh5 Kg7 53. Ne5 Rf4+ 54. Ke3 Rf6 55. Rg5+ Kh6 56. Nxf7+ Rxf7 57. Rxf7 Kxg5 58. Re7 Kf6 59. Rh7 Kg5 60. Re7 Kf6 61. Rc7 Rd5 62. Rh7 Kg5 63. Ra7 Re5+ 64. Kf3 Rf5+ 65. Ke3 Re5+ 66. Kf3 1/2-1/2

[Event "GER-chW Blitz 2019"]
[Site "Magdeburg"]
[Date "2019.05.25"]
[Round "17.4"]
[White "Kushka, Alena"]
[Black "Rath, Alina"]
[Result "0-1"]
[ECO "D34"]
[WhiteElo "2148"]
[BlackElo "2042"]
[Annotator "NA"]
[PlyCount "110"]
[EventDate "2019.05.25"]
[EventType "tourn"]
[EventCountry "GER"]
[SourceTitle "playchess.com"]
[Source "ChessBase"]
[SourceQuality "1"]
[TimeControl "180+2"]

1. d4 d5 2. c4 e6 3. Nc3 c5 4. cxd5 exd5 5. Nf3 Nc6 6. g3 Nf6 7. Bg2 Be7 8. O-O O-O 9. Bg5 c4 10. Ne5 Be6 11. Nxc6 bxc6 12. b3 Qa5 13. Qc2 Rad8 14. bxc4 dxc4 15. Bxf6 Bxf6 16. e3 c5 17. Ne4 cxd4 18. Nxf6+ gxf6 19. exd4 Rxd4 20. Rfe1 Rfd8 21. Qe2 c3 22. Qf3 Kg7 23. Rac1 c2 24. Qe3 Rd1 25. Bf3 Rxe1+ 26. Rxe1 Qd2 27. Be4 Qxe3 28. fxe3 Rc8 29. Rc1 Bxa2 30. Rxc2 Rxc2 31. Bxc2 Bd5 32. Ba4 h6 33. Kf2 Kg6 34. h3 Kf5 35. Bc2+ Ke5 36. Ke2 Kd6 37. Kd3 Kc5 38. Kc3 Be6 39. Ba4 Bxh3 40. Bb3 Be6 41. Bc2 a5 42. e4 Bd7 43. Bb3 Be8 44. Bc2 a4 45. Bb1 a3 46. Kb3 Kd4 47. Kxa3 Bc6 48. Ba2 Be8 49. Bb1 Ke3 50. Kb4 Kf3 51. Kc5 Kxg3 52. Kd6 h5 53. Ke7 Bc6 54. Kxf7 h4 55. e5 fxe5 0-1

[Event "GER-chW Blitz 2019"]
[Site "Magdeburg"]
[Date "2019.05.25"]
[Round "17.5"]
[White "Schulze, Lara"]
[Black "Birkholz, Olga"]
[Result "1-0"]
[ECO "B90"]
[WhiteElo "2160"]
[BlackElo "2031"]
[Annotator "NA"]
[PlyCount "60"]
[EventDate "2019.05.25"]
[EventType "tourn"]
[EventCountry "GER"]
[SourceTitle "playchess.com"]
[Source "ChessBase"]
[SourceQuality "1"]
[TimeControl "180+2"]

1. e4 c5 2. Nf3 d6 3. d4 cxd4 4. Nxd4 Nf6 5. Nc3 a6 6. Bc4 e6 7. Bb3 Be7 8. O-O O-O 9. Qf3 Qc7 10. Qg3 Kh8 11. a4 Nc6 12. Be3 Bd7 13. f4 Rac8 14. Kh1 Nb4 15. f5 e5 16. Nf3 Bc6 17. Ng5 Bd8 18. a5 h6 19. Bb6 Qd7 20. Qh4 Kg8 21. Bxd8 Rcxd8 22. Nf3 Bb5 23. Rfd1 Qc6 24. Nd5 Nbxd5 25. exd5 Qc8 26. c4 Bd7 27. g4 Ne4 28. Re1 Nc5 29. Bc2 Be8 30. f6 Bd7 1-0

[Event "GER-chW Blitz 2019"]
[Site "Magdeburg"]
[Date "2019.05.25"]
[Round "17.6"]
[White "Braje, Monika"]
[Black "Hofmann, Karina"]
[Result "1-0"]
[ECO "B00"]
[WhiteElo "1781"]
[BlackElo "1700"]
[Annotator "NA"]
[PlyCount "49"]
[EventDate "2019.05.25"]
[EventType "tourn"]
[EventCountry "GER"]
[SourceTitle "playchess.com"]
[Source "ChessBase"]
[SourceQuality "1"]
[TimeControl "180+2"]

1. e4 b6 2. d4 Bb7 3. Bd3 g6 4. c3 Bg7 5. Ne2 Nf6 6. Ng3 O-O 7. O-O c5 8. d5 d6 9. c4 Nbd7 10. f4 a6 11. Nc3 Nh5 12. Nxh5 gxh5 13. Qxh5 Bd4+ 14. Kh1 Kh8 15. e5 f5 16. Bxf5 Rxf5 17. Qxf5 Bxc3 18. bxc3 Qg8 19. exd6 e6 20. Qxe6 Nf8 21. Qe5+ Qg7 22. Qxg7+ Kxg7 23. Bd2 Rd8 24. Rae1 Rxd6 25. Re7+ 1-0

[Event "GER-chW Blitz 2019"]
[Site "Magdeburg"]
[Date "2019.05.25"]
[Round "17.7"]
[White "Mader, Lena"]
[Black "Siegl, Melina"]
[Result "0-1"]
[ECO "A21"]
[WhiteElo "1839"]
[BlackElo "2029"]
[Annotator "NA"]
[PlyCount "64"]
[EventDate "2019.05.25"]
[EventType "tourn"]
[EventCountry "GER"]
[SourceTitle "playchess.com"]
[Source "ChessBase"]
[SourceQuality "1"]
[TimeControl "180+2"]

1. c4 e5 2. Nc3 d6 3. g3 g6 4. Bg2 Bg7 5. e3 f5 6. d3 Nf6 7. Nge2 O-O 8. O-O c6 9. Bd2 Na6 10. Rb1 Nc7 11. b4 d5 12. cxd5 cxd5 13. a4 d4 14. exd4 exd4 15. Na2 Nfd5 16. Nf4 Rb8 17. Qb3 Kh8 18. Nxd5 Be6 19. Bf4 Nxd5 20. Bxb8 Nf4 21. Qd1 Nxg2 22. Bf4 Nxf4 23. gxf4 Bxa2 24. Rb2 Bd5 25. f3 Qh4 26. Rg2 Qxf4 27. Qe1 Bc6 28. Qe7 Re8 29. Qc5 Qe3+ 30. Kh1 Qxd3 31. Rc1 Qxf3 32. Rcg1 Re1 0-1

[Event "GER-chW Blitz 2019"]
[Site "Magdeburg"]
[Date "2019.05.25"]
[Round "17.8"]
[White "Zimmer, Elke"]
[Black "Muetsch, Annmarie"]
[Result "0-1"]
[ECO "B24"]
[WhiteElo "1926"]
[BlackElo "2266"]
[Annotator "NA"]
[PlyCount "48"]
[EventDate "2019.05.25"]
[EventType "tourn"]
[EventCountry "GER"]
[SourceTitle "playchess.com"]
[Source "ChessBase"]
[SourceQuality "1"]
[TimeControl "180+2"]

1. e4 c5 2. Nc3 Nc6 3. g3 g6 4. Bg2 Bg7 5. d3 e6 6. Nf3 Nge7 7. Be3 b6 8. Qd2 d5 9. exd5 exd5 10. Bh6 O-O 11. Bxg7 Kxg7 12. O-O d4 13. Ne4 Nd5 14. h4 h6 15. Rae1 f5 16. c4 fxe4 17. dxe4 Nde7 18. e5 Be6 19. b3 Qd7 20. h5 Bg4 21. e6 Qd6 22. Ne5 Nxe5 23. Bxa8 Rxa8 24. Re4 Nf3+ 0-1

[Event "GER-chW Blitz 2019"]
[Site "Magdeburg"]
[Date "2019.05.25"]
[Round "17.9"]
[White "Kopylov, Luba"]
[Black "Michna, Marta"]
[Result "0-1"]
[ECO "A53"]
[WhiteElo "2078"]
[BlackElo "2355"]
[Annotator "NA"]
[PlyCount "102"]
[EventDate "2019.05.25"]
[EventType "tourn"]
[EventCountry "GER"]
[SourceTitle "playchess.com"]
[Source "ChessBase"]
[SourceQuality "1"]
[TimeControl "180+2"]

1. d4 Nf6 2. c4 d6 3. Nc3 Nbd7 4. e4 e5 5. Nge2 c6 6. f3 a5 7. Be3 Be7 8. Qd2 a4 9. g4 Qa5 10. Ng3 exd4 11. Bxd4 Ne5 12. Be2 g6 13. h4 h6 14. O-O-O c5 15. Be3 Be6 16. Bxh6 a3 17. b3 Rxh6 18. g5 Rh8 19. gxf6 Bxf6 20. Nd5 Qxd2+ 21. Rxd2 Bxd5 22. exd5 Rxh4 23. Rxh4 Bxh4 24. Ne4 Be7 25. f4 Nd7 26. Bf3 f5 27. Ng5 Bxg5 28. fxg5 O-O-O 29. Re2 Ne5 30. Bg2 Rh8 31. Kd2 Rh5 32. Ke3 Rxg5 33. Kf4 Rg4+ 34. Ke3 Rh4 35. Kd2 Kd7 36. Kc2 b6 37. b4 Rxc4+ 38. Kb3 Rxb4+ 39. Kxa3 Rh4 40. Rb2 Kc7 41. Bf1 g5 42. Bb5 Nc4+ 43. Bxc4 Rxc4 44. Rg2 g4 45. Kb3 Rd4 46. Rf2 Rxd5 47. Kc4 Re5 48. a4 Kc6 49. Kc3 g3 50. Rg2 Re3+ 51. Kd2 f4 0-1

[Event "GER-chW Blitz 2019"]
[Site "Magdeburg"]
[Date "2019.05.25"]
[Round "17.10"]
[White "Gheng, Simona"]
[Black "Osmanodja, Filiz"]
[Result "0-1"]
[ECO "B20"]
[WhiteElo "1991"]
[BlackElo "2260"]
[Annotator "NA"]
[PlyCount "88"]
[EventDate "2019.05.25"]
[EventType "tourn"]
[EventCountry "GER"]
[SourceTitle "playchess.com"]
[Source "ChessBase"]
[SourceQuality "1"]
[TimeControl "180+2"]

1. e4 c5 2. c4 Nc6 3. Nc3 g6 4. g3 Bg7 5. Bg2 e6 6. Nge2 Nge7 7. O-O O-O 8. d3 d6 9. a3 a6 10. Rb1 Rb8 11. b4 Nd4 12. Nxd4 cxd4 13. Ne2 b5 14. f4 f5 15. Bb2 fxe4 16. Bxe4 d5 17. cxd5 exd5 18. Bg2 Nf5 19. Qd2 Re8 20. Rfe1 Bb7 21. Bc1 Ne3 22. Qa2 Rc8 23. Bxe3 dxe3 24. Rbc1 Qd7 25. d4 Kh8 26. Qb3 Qg4 27. Rxc8 Rxc8 28. Qxe3 Bc6 29. h3 Qf5 30. g4 Qd7 31. Kh2 Re8 32. Qd2 Qd6 33. Kg1 a5 34. Kf1 axb4 35. axb4 Bf8 36. Ng3 Rxe1+ 37. Qxe1 Qxf4+ 38. Qf2 Qxf2+ 39. Kxf2 Bxb4 40. Ke3 Be1 41. Ne2 b4 42. Nf4 b3 43. Kd3 Bb5+ 44. Ke3 b2 0-1

[Event "GER-chW Blitz 2019"]
[Site "Magdeburg"]
[Date "2019.05.25"]
[Round "17.11"]
[White "Kunze, Kerstin"]
[Black "Sieber, Fiona"]
[Result "0-1"]
[ECO "B51"]
[WhiteElo "2066"]
[BlackElo "2250"]
[Annotator "NA"]
[PlyCount "92"]
[EventDate "2019.05.25"]
[EventType "tourn"]
[EventCountry "GER"]
[SourceTitle "playchess.com"]
[Source "ChessBase"]
[SourceQuality "1"]
[TimeControl "180+2"]

1. e4 c5 2. Nf3 d6 3. Bb5+ Nd7 4. O-O a6 5. Bxd7+ Bxd7 6. Re1 Nf6 7. Nc3 g6 8. d3 Bg7 9. h3 O-O 10. Bg5 b5 11. Qd2 Bc6 12. Bh6 b4 13. Nd1 e5 14. Bxg7 Kxg7 15. Ne3 Nh5 16. g3 f5 17. Qe2 fxe4 18. dxe4 Bxe4 19. Nd2 Bb7 20. Ng4 Nf6 21. Nc4 Nxg4 22. Qxg4 Qf6 23. f4 exf4 24. Qxf4 Qxf4 25. gxf4 Rad8 26. Rad1 d5 27. Nb6 Rxf4 28. Re5 Rf5 29. Re7+ Rf7 30. Re5 Rd6 31. Nc4 Rdf6 32. Ne3 d4 33. Ng4 Rf5 34. Re6 Bf3 35. Rde1 a5 36. Ne5 R7f6 37. Re7+ Kh6 38. Rf1 Bd5 39. Ng4+ Kg5 40. Nxf6 Rxf6 41. Rxf6 Kxf6 42. Rxh7 c4 43. Ra7 d3 44. cxd3 cxd3 45. Rd7 Ke6 46. Rc7 d2 0-1

[Event "GER-chW Blitz 2019"]
[Site "Magdeburg"]
[Date "2019.05.25"]
[Round "17.12"]
[White "Kreismann, Franziska"]
[Black "Daemering, Katrin"]
[Result "0-1"]
[ECO "A43"]
[WhiteElo "1589"]
[BlackElo "2003"]
[Annotator "NA"]
[PlyCount "56"]
[EventDate "2019.05.25"]
[EventType "tourn"]
[EventCountry "GER"]
[SourceTitle "playchess.com"]
[Source "ChessBase"]
[SourceQuality "1"]
[TimeControl "180+2"]

1. d4 c5 2. dxc5 e6 3. e3 Bxc5 4. Nc3 Nf6 5. Nf3 O-O 6. Bc4 d5 7. Bb3 Nc6 8. Nd4 Ne7 9. O-O a6 10. a3 Bd7 11. Nce2 Rc8 12. c3 b5 13. Bc2 e5 14. Nf3 Bd6 15. b4 Be6 16. Bb2 h6 17. Ng3 Qd7 18. Re1 Rfd8 19. e4 Bg4 20. h3 Bxf3 21. Qxf3 d4 22. cxd4 Rxc2 23. dxe5 Rxb2 24. exf6 Ng6 25. fxg7 Be5 26. Rad1 Rd2 27. Rxd2 Qxd2 28. Nf5 Qxe1# {[%emt 0:00:04] Kh2 [%clk 0:01:31]} 0-1

[Event "GER-chW Blitz 2019"]
[Site "Magdeburg"]
[Date "2019.05.25"]
[Round "18.1"]
[White "Roesler, Hannah Clara Hed"]
[Black "Daemering, Katrin"]
[Result "0-1"]
[ECO "B22"]
[WhiteElo "1619"]
[BlackElo "2003"]
[Annotator "NA"]
[PlyCount "61"]
[EventDate "2019.05.25"]
[EventType "tourn"]
[EventCountry "GER"]
[SourceTitle "playchess.com"]
[Source "ChessBase"]
[SourceQuality "1"]
[TimeControl "180+2"]

1. e4 c5 2. c3 Nf6 3. e5 Nd5 4. d4 cxd4 5. Nf3 e6 6. cxd4 Nc6 7. a3 d6 8. Bd3 dxe5 9. dxe5 a6 10. O-O h6 11. Qe2 Bd7 12. Rd1 Rc8 13. Bc4 Nde7 14. Nc3 Ng6 15. Bd3 Bc5 16. Bxg6 fxg6 17. Ne4 Be7 18. Nd6+ Bxd6 19. Rxd6 Qe7 20. Qe4 Qf7 21. Be3 O-O 22. Rad1 Be8 23. Nh4 g5 24. Nf3 Ne7 25. Rb6 Nd5 26. Rb3 b5 27. Rbd3 Qh5 28. Nd4 Bg6 29. Nxe6 Bxe4 30. Nc5 Bxd3 31. Rxd3 0-1

[Event "GER-chW Blitz 2019"]
[Site "Magdeburg"]
[Date "2019.05.25"]
[Round "18.2"]
[White "Sieber, Fiona"]
[Black "Kreismann, Franziska"]
[Result "1-0"]
[ECO "B12"]
[WhiteElo "2250"]
[BlackElo "1589"]
[Annotator "NA"]
[PlyCount "43"]
[EventDate "2019.05.25"]
[EventType "tourn"]
[EventCountry "GER"]
[SourceTitle "playchess.com"]
[Source "ChessBase"]
[SourceQuality "1"]
[TimeControl "180+2"]

1. e4 c6 2. d4 d5 3. e5 Bf5 4. Nf3 Bg6 5. Be2 e6 6. O-O Nd7 7. Nbd2 c5 8. c4 cxd4 9. cxd5 exd5 10. Nb3 Nb6 11. Bb5+ Nd7 12. Nbxd4 a6 13. Bd3 Bxd3 14. Qxd3 Bc5 15. Nf5 Ne7 16. Nxg7+ Kf8 17. Bh6 Kg8 18. e6 Nf6 19. exf7+ Kxf7 20. Ne5+ Kg8 21. Ne6 Qb6 22. Qg3+ 1-0

[Event "GER-chW Blitz 2019"]
[Site "Magdeburg"]
[Date "2019.05.25"]
[Round "18.3"]
[White "Osmanodja, Filiz"]
[Black "Kunze, Kerstin"]
[Result "1-0"]
[ECO "C96"]
[WhiteElo "2260"]
[BlackElo "2066"]
[Annotator "NA"]
[PlyCount "81"]
[EventDate "2019.05.25"]
[EventType "tourn"]
[EventCountry "GER"]
[SourceTitle "playchess.com"]
[Source "ChessBase"]
[SourceQuality "1"]
[TimeControl "180+2"]

1. e4 e5 2. Nf3 Nc6 3. Bb5 a6 4. Ba4 Nf6 5. O-O b5 6. Bb3 Be7 7. Re1 O-O 8. h3 d6 9. c3 Na5 10. Bc2 c5 11. d4 Nc6 12. a4 Bb7 13. d5 Nb8 14. b4 Nbd7 15. Na3 cxb4 16. cxb4 bxa4 17. Bxa4 Nb6 18. Bb3 Qd7 19. Be3 Bd8 20. Qd3 Nh5 21. Nc4 Nxc4 22. Bxc4 f5 23. exf5 Rxf5 24. Nd2 Nf4 25. Bxf4 Rxf4 26. Re4 Bg5 27. Rxf4 Bxf4 28. Ne4 Rc8 29. Bxa6 Bxa6 30. Qxa6 Qf5 31. Nxd6 Bh2+ 32. Kxh2 Qf4+ 33. Kg1 Rf8 34. Rf1 e4 35. Nc4 h6 36. Ne3 Rf6 37. Qc8+ Kh7 38. Qc4 Rg6 39. Kh1 Rd6 40. b5 Qf6 41. Qxe4+ {[%emt 0:00:02] Rb6} 1-0

[Event "GER-chW Blitz 2019"]
[Site "Magdeburg"]
[Date "2019.05.25"]
[Round "18.4"]
[White "Michna, Marta"]
[Black "Gheng, Simona"]
[Result "1-0"]
[ECO "A04"]
[WhiteElo "2355"]
[BlackElo "1991"]
[Annotator "NA"]
[PlyCount "136"]
[EventDate "2019.05.25"]
[EventType "tourn"]
[EventCountry "GER"]
[SourceTitle "playchess.com"]
[Source "ChessBase"]
[SourceQuality "1"]
[TimeControl "180+2"]

1. Nf3 c5 2. g3 d6 3. Bg2 Nf6 4. d3 g6 5. e4 Bg7 6. O-O Nc6 7. c3 O-O 8. a4 a6 9. Re1 Bg4 10. h3 Bd7 11. Be3 Rc8 12. Na3 Ne5 13. Nxe5 dxe5 14. Nc4 Qc7 15. f4 Ne8 16. Nxe5 Bxe5 17. fxe5 Qxe5 18. Bf4 Qe6 19. Bh6 Ng7 20. Qf3 Bc6 21. Qe3 b6 22. a5 Bb7 23. axb6 Qxb6 24. Re2 Rfd8 25. Rf2 f6 26. Bxg7 Kxg7 27. e5 Bxg2 28. exf6+ exf6 29. Kxg2 Re8 30. Qf4 Re6 31. Qc4 Rce8 32. Raf1 Qb5 33. Qd5 Qc6 34. Qxc6 Rxc6 35. Ra1 Rd8 36. Rd2 Rcd6 37. Rad1 Rb8 38. Re1 Rb7 39. Kf3 Rdb6 40. Ree2 Kf7 41. g4 Re7 42. Rxe7+ Kxe7 43. h4 f5 44. gxf5 gxf5 45. Kf4 Kf6 46. Rg2 a5 47. h5 a4 48. h6 Rb7 49. d4 cxd4 50. cxd4 Rb4 51. Rd2 Ke6 52. Kg5 Rb5 53. Re2+ Kf7 54. Kf4 Rd5 55. Rd2 Kf6 56. Ke3 Kg5 57. Rh2 Rb5 58. Kd3 Rb3+ 59. Kc4 Rg3 60. d5 Rg4+ 61. Kc5 Kf6 62. d6 Rg1 63. Rd2 Rg8 64. d7 Ke7 65. Kc6 Rd8 66. Kc7 Ra8 67. Re2+ Kf6 68. d8=Q+ Rxd8 1-0

[Event "GER-chW Blitz 2019"]
[Site "Magdeburg"]
[Date "2019.05.25"]
[Round "18.5"]
[White "Muetsch, Annmarie"]
[Black "Kopylov, Luba"]
[Result "1-0"]
[ECO "B52"]
[WhiteElo "2266"]
[BlackElo "2078"]
[Annotator "NA"]
[PlyCount "65"]
[EventDate "2019.05.25"]
[EventType "tourn"]
[EventCountry "GER"]
[SourceTitle "playchess.com"]
[Source "ChessBase"]
[SourceQuality "1"]
[TimeControl "180+2"]

1. e4 c5 2. Nf3 d6 3. Bb5+ Bd7 4. c4 Bxb5 5. cxb5 Nf6 6. Nc3 g6 7. d4 cxd4 8. Nxd4 Bg7 9. O-O O-O 10. Be3 Nbd7 11. Qe2 Rc8 12. Rac1 Ne5 13. b3 Neg4 14. Bd2 Nd7 15. Qxg4 Bxd4 16. Nd5 Nf6 17. Qxc8 Nxe4 18. Qxd8 Rxd8 19. Be3 Bxe3 20. fxe3 e6 21. Nf6+ Nxf6 22. Rxf6 Kg7 23. Rf2 Rd7 24. Rfc2 Kf6 25. Rc7 Rd8 26. Rxb7 d5 27. Rcc7 Rf8 28. Rxa7 e5 29. b6 d4 30. exd4 exd4 31. Rd7 Ke5 32. b7 Ke4 33. Ra8 1-0

[Event "GER-chW Blitz 2019"]
[Site "Magdeburg"]
[Date "2019.05.25"]
[Round "18.6"]
[White "Siegl, Melina"]
[Black "Zimmer, Elke"]
[Result "1-0"]
[ECO "C50"]
[WhiteElo "2029"]
[BlackElo "1926"]
[Annotator "NA"]
[PlyCount "71"]
[EventDate "2019.05.25"]
[EventType "tourn"]
[EventCountry "GER"]
[SourceTitle "playchess.com"]
[Source "ChessBase"]
[SourceQuality "1"]
[TimeControl "180+2"]

1. e4 e5 2. Nf3 Nc6 3. Bc4 Nf6 4. d3 Bc5 5. c3 d6 6. Bb3 O-O 7. h3 Be6 8. Bc2 Qd7 9. Nbd2 a6 10. Nf1 Ba7 11. g4 h6 12. Ng3 Nh7 13. Nf5 Bxf5 14. gxf5 Qe7 15. Rg1 Kh8 16. Rg4 f6 17. h4 Qf7 18. Qe2 d5 19. Bd2 d4 20. Bb3 Qh5 21. Nh2 dxc3 22. bxc3 Rad8 23. Nf1 Na5 24. Bc2 Qf7 25. Rg6 Rd7 26. Ne3 Bxe3 27. Qxe3 Rfd8 28. Ke2 Qe7 29. Rag1 Qd6 30. Qg3 Qe7 31. Bxh6 Rg8 32. Bd2 Qd6 33. h5 Nc4 34. Bc1 Ng5 35. Bxg5 fxg5 36. Rxd6 1-0

[Event "GER-chW Blitz 2019"]
[Site "Magdeburg"]
[Date "2019.05.25"]
[Round "18.7"]
[White "Hofmann, Karina"]
[Black "Mader, Lena"]
[Result "1-0"]
[ECO "A03"]
[WhiteElo "1700"]
[BlackElo "1839"]
[Annotator "NA"]
[PlyCount "73"]
[EventDate "2019.05.25"]
[EventType "tourn"]
[EventCountry "GER"]
[SourceTitle "playchess.com"]
[Source "ChessBase"]
[SourceQuality "1"]
[TimeControl "180+2"]

1. f4 Nf6 2. Nf3 d5 3. e3 c5 4. Bb5+ Nc6 5. Ne5 Bd7 6. Bxc6 Bxc6 7. Nxc6 bxc6 8. b3 e6 9. Bb2 Rb8 10. d3 a5 11. a4 Be7 12. Nd2 O-O 13. Qe2 Rb7 14. O-O-O Qb8 15. g4 c4 16. dxc4 Bb4 17. g5 Bxd2+ 18. Qxd2 Ne4 19. Qe2 Rb4 20. Rd4 dxc4 21. Rxe4 cxb3 22. Rxb4 Qxb4 23. c3 Qxa4 24. Rd1 Qe4 25. Qd3 Qg2 26. h4 a4 27. c4 Qf3 28. Qc3 f6 29. gxf6 Rxf6 30. Rg1 Kh8 31. Rxg7 Qf1+ 32. Kd2 Qf2+ 33. Kd3 Qf1+ 34. Kd4 c5+ 35. Kxc5 Rf5+ 36. Kb4 Qh3 37. Rg3+ 1-0

[Event "GER-chW Blitz 2019"]
[Site "Magdeburg"]
[Date "2019.05.25"]
[Round "18.8"]
[White "Birkholz, Olga"]
[Black "Braje, Monika"]
[Result "1-0"]
[ECO "B01"]
[WhiteElo "2031"]
[BlackElo "1781"]
[Annotator "NA"]
[PlyCount "73"]
[EventDate "2019.05.25"]
[EventType "tourn"]
[EventCountry "GER"]
[SourceTitle "playchess.com"]
[Source "ChessBase"]
[SourceQuality "1"]
[TimeControl "180+2"]

1. e4 d5 2. e5 c5 3. f4 Nc6 4. Nf3 h6 5. Qe2 Bg4 6. c3 Qb6 7. d3 Rd8 8. h3 Bc8 9. g3 e6 10. Bg2 Qc7 11. Na3 a6 12. Nc2 Nge7 13. a4 Nf5 14. g4 Nfe7 15. O-O Ng6 16. Bd2 Be7 17. Rae1 O-O 18. Bh1 Nh4 19. Be3 Nxf3+ 20. Qxf3 d4 21. Bd2 dxc3 22. bxc3 Na5 23. Rb1 b6 24. Qe2 Qd7 25. Be4 Qxa4 26. Ne3 Nb3 27. Be1 Na5 28. Rxb6 c4 29. d4 Nb3 30. f5 exf5 31. gxf5 Bg5 32. Nxc4 a5 33. h4 Be7 34. f6 gxf6 35. exf6 Ba3 36. Qg2+ Kh8 37. Qg7# 1-0

[Event "GER-chW Blitz 2019"]
[Site "Magdeburg"]
[Date "2019.05.25"]
[Round "18.9"]
[White "Rath, Alina"]
[Black "Schulze, Lara"]
[Result "0-1"]
[ECO "A21"]
[WhiteElo "2042"]
[BlackElo "2160"]
[Annotator "NA"]
[PlyCount "86"]
[EventDate "2019.05.25"]
[EventType "tourn"]
[EventCountry "GER"]
[SourceTitle "playchess.com"]
[Source "ChessBase"]
[SourceQuality "1"]
[TimeControl "180+2"]

1. c4 e5 2. Nc3 Bb4 3. Nd5 Bc5 4. g3 c6 5. Nc3 Bb4 6. Bg2 Bxc3 7. dxc3 d6 8. Nf3 Ne7 9. O-O O-O 10. Be3 Na6 11. Qd2 Be6 12. b3 f6 13. Rad1 Nf5 14. Bh3 Nc5 15. Bxc5 dxc5 16. Qc2 Qc8 17. Bg2 Rd8 18. Nd2 Qc7 19. Ne4 b6 20. Rd2 Rxd2 21. Nxd2 Ne7 22. Rd1 Rd8 23. Nf3 Bf5 24. Qc1 Rd7 25. Nh4 Be6 26. Nf3 Qd8 27. Rxd7 Qxd7 28. Qd2 Kf7 29. Qxd7 Bxd7 30. Kf1 b5 31. cxb5 cxb5 32. Nd2 Be6 33. Ne4 c4 34. b4 Nc8 35. Nc5 Ke7 36. Bc6 Nd6 37. Ke1 Bc8 38. f3 a6 39. Kd2 Kd8 40. Bd5 Kc7 41. h4 h6 42. a3 Nf5 43. g4 Nxh4 0-1

[Event "GER-chW Blitz 2019"]
[Site "Magdeburg"]
[Date "2019.05.25"]
[Round "18.10"]
[White "Silz, Elisa"]
[Black "Kushka, Alena"]
[Result "1/2-1/2"]
[ECO "A43"]
[WhiteElo "1977"]
[BlackElo "2148"]
[Annotator "NA"]
[PlyCount "60"]
[EventDate "2019.05.25"]
[EventType "tourn"]
[EventCountry "GER"]
[SourceTitle "playchess.com"]
[Source "ChessBase"]
[SourceQuality "1"]
[TimeControl "180+2"]

1. d4 Nf6 2. Nf3 c5 3. d5 b5 4. Bg5 Qb6 5. Bxf6 Qxf6 6. c3 Bb7 7. e4 a6 8. a4 bxa4 9. Qxa4 Qb6 10. Qc2 d6 11. Nbd2 g6 12. Nc4 Qc7 13. Bd3 Bg7 14. O-O O-O 15. Na5 Nd7 16. Rfc1 Nb6 17. Nxb7 Qxb7 18. Nd2 e6 19. Nc4 exd5 20. Nxb6 Qxb6 21. exd5 Rfb8 22. Ra2 a5 23. h3 Qb7 24. Rca1 h5 25. Bc4 Qb6 26. b3 Re8 27. Qd2 Qd8 28. Ra4 Qf6 29. Rxa5 Rxa5 30. Rxa5 Qxc3 1/2-1/2

[Event "GER-chW Blitz 2019"]
[Site "Magdeburg"]
[Date "2019.05.25"]
[Round "18.11"]
[White "Kotyk, Valeriya"]
[Black "Ries, Jutta"]
[Result "1-0"]
[ECO "A57"]
[WhiteElo "1739"]
[BlackElo "2017"]
[Annotator "NA"]
[PlyCount "103"]
[EventDate "2019.05.25"]
[EventType "tourn"]
[EventCountry "GER"]
[SourceTitle "playchess.com"]
[Source "ChessBase"]
[SourceQuality "1"]
[TimeControl "180+2"]

1. d4 Nf6 2. c4 c5 3. d5 b5 4. cxb5 a6 5. b6 Bb7 6. Nc3 g6 7. e4 d6 8. Nf3 Bg7 9. g3 O-O 10. Bg2 Nbd7 11. O-O Nxb6 12. Nd2 a5 13. Re1 Ba6 14. Bf1 Bxf1 15. Nxf1 Rb8 16. Ne3 Qd7 17. f3 Rb7 18. Qc2 Rfb8 19. Rb1 Qc8 20. Na4 Nfd7 21. Nxb6 Rxb6 22. Kg2 Qb7 23. Nc4 Rb4 24. Re2 Qa6 25. b3 a4 26. Bd2 axb3 27. axb3 R4b7 28. Re3 Nb6 29. Na5 Ra7 30. Nc6 Rab7 31. Nxb8 Rxb8 32. Bc3 Nd7 33. Bxg7 Kxg7 34. Qc3+ f6 35. f4 Rb4 36. Kf2 Qa2+ 37. Rb2 Qa1 38. Re1 Qa7 39. Kf3 Qb6 40. Ree2 Nb8 41. e5 dxe5 42. fxe5 Qb7 43. exf6+ exf6 44. Qxc5 Nd7 45. Re7+ Kg8 46. Rxd7 Qxd7 47. Qxb4 Qxd5+ 48. Qe4 Qd1+ 49. Kg2 Qd6 50. Qc4+ Kg7 51. Rc2 Qd1 52. b4 1-0

[Event "GER-chW Blitz 2019"]
[Site "Magdeburg"]
[Date "2019.05.25"]
[Round "18.12"]
[White "Fuchs, Judith"]
[Black "Lubbe, Melanie"]
[Result "1-0"]
[ECO "A45"]
[WhiteElo "2218"]
[BlackElo "2278"]
[Annotator "NA"]
[PlyCount "167"]
[EventDate "2019.05.25"]
[EventType "tourn"]
[EventCountry "GER"]
[SourceTitle "playchess.com"]
[Source "ChessBase"]
[SourceQuality "1"]
[TimeControl "180+2"]

1. d4 Nf6 2. Bf4 g6 3. Nc3 Bg7 4. Qd2 d6 5. O-O-O c6 6. h4 b5 7. f3 Nbd7 8. e4 b4 9. Nce2 a5 10. Bh6 Bxh6 11. Qxh6 a4 12. e5 Nd5 13. exd6 exd6 14. Nf4 Nxf4 15. Qxf4 Qf6 16. Re1+ Kd8 17. Qe3 Nb6 18. Nh3 Nd5 19. Qg5 Bd7 20. Bc4 Qxg5+ 21. Nxg5 Be8 22. Re2 h6 23. Ne4 Kc7 24. Bxd5 cxd5 25. Nf6 Bc6 26. Re7+ Kb6 27. Rxf7 Rhf8 28. Rxf8 Rxf8 29. Ng4 h5 30. Ne3 Rf4 31. c3 b3 32. axb3 axb3 33. Kd2 Bb7 34. Ke2 Ba6+ 35. Kf2 Bc4 36. g3 Rf6 37. Ra1 Rf8 38. Ra4 Kb5 39. Ra7 Kb6 40. Rg7 Rf6 41. Rd7 Kc6 42. Re7 Ba6 43. Re8 Bd3 44. Rb8 Bc2 45. Rc8+ Kd7 46. Ra8 Be4 47. f4 Kc6 48. Ra3 Bc2 49. Ra6+ Kb5 50. Rb6+ Kxb6 51. Nxd5+ Kb5 52. Nxf6 Kc4 53. Ke3 Bf5 54. Ne8 Kd5 55. Nf6+ Ke6 56. Ne4 Kd5 57. Nd2 Bc2 58. c4+ Ke6 59. Ne4 d5 60. Ng5+ Kd6 61. c5+ Kc6 62. Nf3 Be4 63. Ne1 Kb5 64. Nd3 Kc6 65. Nc1 Bc2 66. Kd2 Kb5 67. Kc3 Ka4 68. c6 Kb5 69. c7 Bf5 70. Nxb3 Kc6 71. Nc5 Kxc7 72. b4 Kc6 73. Nd3 Kb5 74. Ne5 Be4 75. Nd7 Kc6 76. Nf6 Bf3 77. Kb3 Kb5 78. Ka3 Bg2 79. Ne8 Be4 80. Nd6+ Kc6 81. Nxe4 dxe4 82. Kb3 Kb5 83. d5 Kb6 84. Kc3 1-0